Map: Lightshade LE

Players

HeroMarine - Winner!

  • Race: Terran Terran

TIME (Oliveira)

  • Race: Terran Terran

Event: DreamHack SC2 Masters 2021 Summer

VOD

Have the link to the VOD?

Description

Time

  • Played on: July 2, 2021, 11:07 a.m.
  • Length: 21:16

All games in this series

Show
View Real Time Build Order
Export as new Build Order

HeroMarine Terran - Winner!

Build Orders:  

Get SALT Encoding   

  12  0:00  SCV  
  13  0:12  SCV  
  14  0:17  Supply Depot  
  14  0:24  SCV  
  15  0:39  SCV  
  15  0:40  Barracks  
  16  0:43  Refinery  
  16  0:51  SCV  
  16  0:53  Refinery  
  17  1:03  SCV  
  18  1:15  SCV  
  19  1:27  Reaper  
  19  1:28  Orbital Command  
  19  1:30  Supply Depot  
  20  1:45  Factory  
  20  1:53  SCV  
  21  1:59  Barracks Reactor  
  21  2:05  SCV  
  22  2:19  Command Center  
  22  2:22  SCV  
  23  2:28  Hellion  
  25  2:35  Reaper x2, SCV  
  28  2:42  Supply Depot  
  28  2:48  SCV  
  28  2:50  Hellion  
  31  2:57  Starport  
  31  3:03  SCV  
  32  3:07  Marine x2  
  32  3:11  Factory Tech Lab  
  34  3:15  SCV  
  35  3:22  Refinery  
  35  3:27  SCV  
  35  3:29  Marine x2  
  35  3:32  Orbital Command  
  38  3:40  Cyclone  
  38  3:41  Starport Tech Lab  
  39  3:46  Marine  
  39  3:47  SCV  
  41  3:55  Marine  
  41  3:57  SCV  
  41  3:59  Raven, SCV  
  45  4:06  Marine, Supply Depot  
  45  4:09  SCV  
  47  4:11  SCV  
  47  4:15  Siege Tank  
  51  4:17  Marine  
  51  4:22  SCV  
  51  4:23  Marine  
  54  4:29  SCV  
  54  4:31  Supply Depot  
  55  4:34  SCV  
  55  4:35  Marine  
  57  4:41  Marine, SCV  
  57  4:42  Raven  
  61  4:46  SCV  
  61  4:52  Siege Tank  
  65  4:53  Marine, SCV  
  65  4:54  Supply Depot  
  65  4:58  SCV  
  68  5:07  Command Center  
  68  5:09  SCV  
  68  5:10  SCV  
  70  5:15  Marine x2  
  70  5:16  Supply Depot  
  70  5:21  SCV  
  73  5:22  Refinery, SCV  
  73  5:28  Siege Tank  
  77  5:33  SCV  
  78  5:38  Viking, SCV  
  78  5:40  Viking  
  83  5:47  SCV  
  81  5:50  SCV  
  81  5:51  Stimpack, Marine  
  83  5:59  Supply Depot  
  83  6:03  Siege Tank  
  86  6:11  Barracks  
  86  6:12  Viking  
  86  6:13  Barracks  
  86  6:15  SCV x2  
  86  6:16  Marine  
  90  6:27  SCV x2  
  90  6:28  Viking  
  94  6:34  Marine  
  94  6:35  Siege Tank  
  94  6:39  SCV x2  
  100  6:42  Viking, Supply Depot  
  102  6:48  Orbital Command  
  102  6:51  SCV x2  
  102  6:52  Marine  
  105  7:00  Barracks Reactor  
  105  7:01  Barracks Reactor  
  105  7:03  SCV  
  105  7:04  SCV  
  105  7:07  Engineering Bay, Viking  
  109  7:09  Engineering Bay  
  109  7:10  Marine  
  109  7:15  Siege Tank, SCV  
  113  7:16  SCV x2  
  115  7:28  SCV x3  
  118  7:30  Viking  
  118  7:33  Marine  
  118  7:36  Marine x2  
  118  7:40  SCV x3  
  118  7:42  Marine x2  
  123  7:50  Supply Depot x2  
  123  7:51  Siege Tank, Marine  
  123  7:52  SCV x3  
  123  7:54  Marine x2  
  123  7:55  Refinery  
  123  7:56  Refinery  
  130  8:00  Marine x2  
  130  8:04  SCV x3  
  120  8:09  Marine  
  120  8:11  Marine x2  
  109  8:16  Medivac  
  109  8:17  Marine  
  109  8:18  Marine  
  109  8:19  Medivac  
  118  8:22  Terran Infantry Armor Level 1, Terran Infantry Weapons Level 1  
  118  8:25  Siege Tank, Armory  
  118  8:26  Marine  
  119  8:27  Barracks  
  119  8:29  Marine x2  
  119  8:31  Sensor Tower  
  121  8:35  Marine x2  
  121  8:37  Combat Shield  
  123  8:42  Barracks  
  123  8:44  Marine  
  123  8:47  Marine x2  
  122  8:49  SCV x2  
  122  8:50  SCV  
  122  8:53  Marine x2  
  110  9:01  SCV x2  
  110  9:02  Marine, SCV  
  100  9:05  Marine x2  
  100  9:08  Siege Tank  
  105  9:10  Medivac  
  105  9:11  Marine x2  
  105  9:14  SCV x2  
  105  9:15  Barracks Reactor  
  105  9:16  SCV  
  112  9:20  Marine  
  112  9:23  Marine x2  
  115  9:26  SCV  
  115  9:29  Medivac, Marine x2  
  115  9:30  Barracks Reactor  
  120  9:32  Terran Vehicle Weapons Level 1  
  120  9:38  Marine  
  118  9:40  Siege Tank, Marine, SCV x2  
  118  9:41  Marine  
  118  9:42  Medivac, Factory  
  127  9:47  Marine x2  
  129  9:55  Command Center  
  129  9:58  Marine x2  
  132  10:00  Viking  
  132  10:03  Marine x2  
  132  10:04  Marine x2  
  137  10:07  Marine x2  
  137  10:10  Barracks Reactor, Missile Turret  
  137  10:12  Siege Tank, Viking, Missile Turret  
  144  10:14  Supply Depot  
  144  10:15  Supply Depot  
  144  10:16  Supply Depot, Marine x2  
  144  10:21  Marine x2  
  146  10:22  Terran Infantry Weapons Level 2, Terran Infantry Armor Level 2, Marine  
  149  10:32  Marine  
  149  10:33  Viking  
  148  10:38  Siege Tank  
  148  10:39  Marine x3  
  148  10:40  Marine  
  148  10:41  Marine  
  148  10:42  Viking  
  158  10:43  Marine x2  
  158  10:44  Siege Tank  
  161  10:50  Marine  
  161  10:51  Supply Depot  
  161  10:52  Supply Depot  
  161  10:56  Marine  
  162  10:59  Marine x3  
  162  11:03  Viking  
  168  11:06  Marine x3  
  168  11:07  Marine  
  168  11:11  Marine x2  
  174  11:12  Siege Tank  
  174  11:14  Medivac, Marine  
  181  11:18  SCV x3  
  181  11:21  Marine x2, Sensor Tower  
  185  11:30  SCV  
  180  11:33  Siege Tank, Medivac  
  180  11:37  SCV x2  
  187  11:40  Planetary Fortress  
  187  11:42  SCV  
  187  11:44  Siege Tank  
  187  11:45  Refinery  
  187  11:46  Viking  
  193  11:49  Marine  
  193  11:53  Refinery  
  194  12:06  Terran Vehicle Weapons Level 2  
  194  12:07  Starport x2  
  181  12:19  Siege Tank x2  
  181  12:20  Marine x2  
  181  12:22  Medivac  
  186  12:24  Marine  
  186  12:25  Marine  
  186  12:27  Marine x2  
  186  12:28  Marine x3  
  192  12:30  Marine  
  192  12:34  Command Center  
  190  12:38  Marine x2  
  190  12:39  Terran Infantry Weapons Level 3  
  190  12:42  Marine  
  190  12:43  Starport Tech Lab  
  193  12:45  Terran Infantry Armor Level 3  
  193  12:46  Marine x2  
  193  12:48  Starport Tech Lab  
  195  12:51  Marine x2  
  195  12:53  Marine x2  
  197  13:04  Missile Turret  
  197  13:05  Missile Turret  
  197  13:15  Corvid Reactor  
  197  13:17  Raven  
  199  13:21  Raven  
  199  13:34  Marine x2  
  196  13:35  Marine x2  
  196  13:37  Marine x3  
  197  13:46  Marine x2  
  199  13:52  Siege Tank  
  199  13:55  SCV x3  
  196  13:58  Marine  
  196  14:00  Raven, SCV  
  200  14:04  Marine  
  200  14:05  Marine  
  194  14:15  Raven  
  196  14:27  Command Center  
  196  14:31  Command Center  
  196  14:34  Refinery, Command Center  
  196  14:35  Barracks x2, Sensor Tower  
  196  14:36  Refinery, Missile Turret  
  196  14:39  Missile Turret  
  196  14:42  Raven  
  194  14:58  Terran Vehicle Weapons Level 3  
  192  15:01  Raven  
  194  15:08  Planetary Fortress  
  194  15:11  Starport  
  194  15:12  Starport  
  194  15:17  Marine  
  195  15:25  Raven  
  195  15:27  Barracks Reactor x2  
  197  15:29  Marine x2  
  193  15:50  Orbital Command x2  
  193  15:51  Orbital Command  
  193  15:52  Starport Reactor, Starport Tech Lab  
  193  15:59  Raven  
  193  16:01  Siege Tank  
  198  16:06  Neosteel Armor, Hi-Sec Auto Tracking  
  198  16:07  Command Center  
  198  16:08  Raven  
  195  16:22  Marine x2  
  195  16:24  Marine  
  195  16:25  Marine x4  
  189  16:27  Marine  
  189  16:31  Marine x4  
  189  16:32  Viking x2, Raven  
  183  16:33  Viking x2  
  183  16:34  Marine x2  
  183  16:39  Marine  
  177  16:40  Marine  
  177  16:42  Raven  
  177  16:46  Marine x4  
  185  16:48  Marine  
  185  16:49  Marine  
  185  16:50  Marine  
  185  16:51  Raven  
  185  16:53  Marine x2  
  185  16:54  Marine x2  
  193  16:57  Marine x2  
  196  17:02  Viking x2  
  200  17:21  Orbital Command  
  200  17:24  Command Center  
  200  17:36  Terran Vehicle And Ship Armor Level 1  
  200  17:38  Raven, Marine x2  
  200  17:39  Marine x2  
  200  17:40  Marine x2  
  200  17:41  Marine  
  188  17:47  Raven x2  
  188  17:48  Siege Tank x2  
  188  17:49  Marine x2  
  186  17:52  Marine x2  
  186  17:57  Viking x4  
  196  18:04  Marine x2  
  198  18:06  Marine x2  
  200  18:18  Marine  
  191  18:20  Siege Tank  
  191  18:22  Raven  
  196  18:27  Viking x2  
  179  18:56  Marine x3  
  179  18:57  Raven x2  
  179  18:58  Marine  
  179  18:59  Marine x5  
  179  19:01  Marine x3  
  175  19:03  Marine  
  175  19:04  Marine  
  175  19:05  Raven  
  172  19:11  Siege Tank  
  172  19:13  Marine x2  
  172  19:14  Planetary Fortress, Marine  
  172  19:16  Marine  
  179  19:20  Marine x5  
  179  19:22  Liberator x2  
  190  19:26  Liberator  
  193  19:38  Marine  
  193  19:39  Marine x2  
  193  19:40  Raven  
  198  19:47  Marine x2  
  200  19:55  Refinery x2  
  200  20:30  Sensor Tower  
Show
View Real Time Build Order
Export as new Build Order

TIME Terran 

Build Orders:  

Get SALT Encoding   

  12  0:00  SCV  
  13  0:12  SCV  
  14  0:17  Supply Depot  
  14  0:25  SCV  
  15  0:39  SCV  
  15  0:40  Barracks  
  16  0:43  Refinery  
  16  0:51  SCV  
  16  0:54  Refinery  
  17  1:03  SCV  
  18  1:15  SCV  
  19  1:28  Orbital Command, Reaper  
  19  1:31  Supply Depot  
  20  1:43  Factory  
  20  1:54  SCV  
  21  2:01  Reaper  
  21  2:06  SCV  
  23  2:18  SCV  
  23  2:21  Command Center  
  24  2:28  Hellion  
  26  2:30  SCV  
  26  2:34  Barracks Reactor  
  27  2:42  Supply Depot  
  27  2:43  SCV  
  28  2:50  Starport  
  28  2:52  Factory Tech Lab  
  28  2:55  SCV  
  29  3:08  SCV  
  29  3:10  Cyclone  
  29  3:11  Marine x2  
  35  3:16  Refinery  
  35  3:20  SCV  
  35  3:26  Starport Tech Lab  
  36  3:32  SCV  
  36  3:37  Marine x2  
  36  3:44  SCV  
  36  3:47  Orbital Command  
  37  3:53  Raven  
  39  3:55  Marine x2  
  39  3:56  SCV  
  42  4:07  Siege Tank  
  45  4:12  SCV  
  45  4:13  Marine x2, SCV  
  45  4:16  Supply Depot  
  49  4:24  SCV  
  49  4:25  SCV  
  51  4:31  Marine  
  51  4:35  Raven  
  55  4:38  SCV x2  
  55  4:39  Marine  
  55  4:40  Supply Depot  
  57  4:46  Siege Tank  
  57  4:49  Marine  
  57  4:52  SCV  
  62  4:55  Supply Depot  
  62  5:01  SCV  
  63  5:08  SCV  
  63  5:13  SCV  
  65  5:14  Command Center  
  65  5:18  Supply Depot  
  65  5:20  SCV  
  66  5:22  Siege Tank  
  69  5:28  SCV  
  69  5:31  Starport Reactor  
  70  5:36  Stimpack  
  70  5:38  Barracks, Marine  
  70  5:40  SCV  
  70  5:41  Barracks  
  72  5:46  SCV  
  73  5:52  SCV  
  73  5:56  Siege Tank, Marine  
  78  6:01  SCV  
  78  6:02  Engineering Bay x2  
  79  6:05  SCV  
  79  6:06  Refinery, Supply Depot  
  80  6:13  Starport Reactor, SCV  
  80  6:14  Marine  
  80  6:18  SCV  
  83  6:25  SCV  
  84  6:27  Orbital Command, Marine x2  
  86  6:33  Siege Tank  
  86  6:35  Terran Infantry Armor Level 1, Terran Infantry Weapons Level 1, Marine  
  86  6:39  Marine x2  
  92  6:44  SCV x2  
  92  6:45  Marine  
  92  6:46  Supply Depot  
  95  6:49  Orbital Command  
  95  6:51  Medivac  
  95  6:52  Medivac  
  99  6:56  SCV x2  
  99  6:57  Marine  
  99  6:59  Supply Depot  
  99  7:00  Marine  
  103  7:02  Marine x2  
  102  7:15  Marine  
  102  7:16  Marine  
  102  7:17  Siege Tank  
  102  7:19  Combat Shield  
  102  7:21  SCV  
  102  7:22  Marine x2  
  110  7:29  Marine, SCV  
  109  7:30  Medivac x2  
  109  7:33  Marine  
  109  7:34  Marine  
  109  7:35  SCV  
  109  7:36  SCV  
  114  7:40  Marine x2  
  116  7:46  Barracks x2  
  116  7:47  SCV, Armory  
  116  7:49  Marine  
  113  7:51  Marine, SCV  
  113  7:52  Marine, SCV  
  87  8:07  Marine  
  87  8:09  Marine  
  87  8:10  Marine x2  
  87  8:12  Medivac x2, SCV x2  
  92  8:16  Marine  
  92  8:18  Siege Tank  
  96  8:25  Marine  
  97  8:33  Marine x3  
  100  8:34  Barracks Reactor  
  100  8:38  Command Center  
  100  8:42  Terran Infantry Weapons Level 2, Supply Depot  
  99  8:54  Marine x2  
  92  8:59  Marine  
  92  9:02  Marine  
  83  9:04  Siege Tank, Barracks Reactor  
  83  9:06  Terran Infantry Armor Level 2, SCV x2  
  83  9:09  Marine  
  86  9:13  Marine x2  
  88  9:17  Supply Depot  
  88  9:18  Marine x3, SCV  
  88  9:21  Marine  
  88  9:23  SCV  
  94  9:29  Marine  
  94  9:30  Marine, SCV  
  97  9:34  Marine  
  97  9:36  Marine x2  
  100  9:39  Siege Tank  
  100  9:42  SCV x2  
  100  9:43  Marine x3  
  108  9:46  Marine  
  108  9:51  Orbital Command  
  110  9:57  Marine x3  
  110  9:59  Marine  
  114  10:00  SCV x2  
  114  10:01  Marine  
  114  10:06  Refinery  
  116  10:07  Refinery, Marine x2  
  116  10:09  Supply Depot  
  116  10:12  Factory  
  118  10:15  Siege Tank  
  118  10:17  Marine, Terran Vehicle Weapons Level 1  
  118  10:18  Barracks Reactor  
  118  10:19  Marine  
  123  10:22  Marine x3  
  123  10:28  Marine x3  
  129  10:31  Medivac  
  129  10:32  Supply Depot  
  129  10:34  Medivac  
  132  10:35  Marine  
  132  10:42  Marine x4  
  137  10:45  Marine  
  138  10:50  Marine  
  138  10:52  Command Center, Marine, Sensor Tower  
  138  10:55  Siege Tank  
  141  10:57  Marine x2  
  141  10:58  Marine  
  141  11:02  Missile Turret  
  141  11:03  SCV x2  
  141  11:04  SCV  
  147  11:05  Marine x2  
  147  11:10  Siege Tank  
  153  11:16  Marine x3  
  153  11:17  Marine  
  157  11:19  Marine  
  157  11:22  Supply Depot  
  157  11:23  Supply Depot  
  155  11:29  Marine x2  
  156  11:36  Marine  
  157  11:43  Siege Tank, Marine x2, Liberator  
  157  11:45  Terran Infantry Weapons Level 3, Supply Depot x2  
  165  11:53  Terran Infantry Armor Level 3  
  165  11:57  Siege Tank  
  165  11:58  Marine  
  165  12:00  Marine  
  169  12:01  Marine  
  169  12:04  Marine  
  169  12:08  Marine x2  
  173  12:11  Planetary Fortress  
  173  12:12  Marine  
  173  12:13  Marine  
  173  12:14  Marine  
  173  12:19  Siege Tank  
  173  12:20  Marine x2  
  177  12:29  Marine x2  
  171  12:33  Siege Tank  
  171  12:34  Marine x3  
  171  12:36  Liberator  
  171  12:37  Liberator  
  180  12:38  Marine  
  180  12:42  Marine x2  
  186  12:48  Marine x3  
  186  12:50  Terran Vehicle Weapons Level 2  
  189  12:52  SCV  
  189  12:53  SCV x3  
  189  12:54  Marine x2  
  195  13:03  Sensor Tower  
  195  13:05  SCV  
  194  13:13  Refinery x2  
  194  13:14  Starport x2  
  193  13:23  Marine  
  194  13:29  Marine  
  192  13:45  Marine  
  193  13:52  Command Center  
  193  13:53  Starport Tech Lab  
  193  13:54  Starport Tech Lab  
  177  13:56  Siege Tank  
  177  13:57  Siege Tank, Command Center  
  177  13:58  Command Center  
  177  14:00  Marine  
  184  14:09  Viking x2  
  191  14:16  Corvid Reactor  
  197  14:19  Raven x2  
  192  14:36  Command Center  
  192  15:05  Raven x2  
  196  15:07  Starport  
  196  15:08  Starport  
  196  15:10  Terran Vehicle And Ship Armor Level 1  
  196  15:11  Armory  
  196  15:14  Orbital Command  
  196  15:18  Command Center  
  189  15:41  Viking x2  
  189  15:42  Thor  
  197  15:45  Starport Tech Lab  
  197  15:50  Planetary Fortress  
  197  15:53  Missile Turret  
  197  15:54  Sensor Tower  
  197  15:56  Missile Turret  
  197  16:02  Raven, Starport Tech Lab  
  199  16:11  Refinery  
  199  16:15  Refinery  
  187  16:30  Marine  
  187  16:32  Marine x8  
  157  16:33  Raven x2  
  157  16:35  Marine  
  157  16:38  Siege Tank, Raven  
  157  16:39  Siege Tank, Viking x2  
  165  16:41  Terran Ship Weapons Level 1  
  165  16:48  Marine  
  165  16:49  Marine  
  165  16:50  Marine x3  
  165  16:52  Raven  
  166  16:56  Marine  
  166  16:59  Planetary Fortress  
  167  17:02  Command Center, Marine x2  
  167  17:03  Marine x2  
  171  17:10  Marine  
  171  17:12  Viking x2  
  171  17:13  Siege Tank x2  
  171  17:14  Marine x2  
  171  17:15  Marine x3  
  187  17:16  Sensor Tower  
  187  17:20  Marine, Missile Turret  
  188  17:26  Marine x2  
  190  17:30  Raven x2  
  185  17:42  Marine  
  185  17:43  Marine  
  152  17:44  Marine x2  
  152  17:45  Marine  
  152  17:46  Marine  
  152  17:47  Raven x2  
  152  17:50  Siege Tank x2, Viking x2  
  167  17:52  Marine x2  
  167  17:58  Refinery x2, Marine  
  170  18:00  Marine x2  
  172  18:07  Marine x2  
  167  18:21  Marine x2  
  167  18:23  Raven x2  
  167  18:24  Siege Tank  
  167  18:25  Siege Tank  
  167  18:26  Viking x2  
  183  18:32  Marine  
  183  18:33  Marine  
  185  18:34  Marine  
  185  18:35  Raven  
  185  18:39  Marine  
  189  18:43  Orbital Command  
  189  18:46  Marine  
  168  19:00  Marine x2  
  168  19:01  Marine  
  168  19:02  Siege Tank  
  131  19:07  Marine  
  131  19:09  Marine x3  
  118  19:10  Raven x3  
  118  19:12  Siege Tank  
  118  19:15  Marine x3  
  128  19:18  Marine  
  128  19:19  Viking x2  
  128  19:20  Marine x2  
  135  19:25  Raven, Marine  
  135  19:29  Marine x3  
  141  19:33  Marine x2  
  141  19:34  Marine  
  141  19:36  Marine  
  141  19:38  Marine  
  145  19:39  Marine  
  145  19:43  Marine  
  144  19:46  Marine  
  144  19:47  Marine x2  
  144  19:51  Marine  
  144  19:52  Siege Tank x2  
  150  19:53  Marine x2  
  150  19:54  Marine  
  150  19:55  Raven x2  
  150  19:56  Orbital Command  
  150  19:57  Marine  
  150  19:58  Marine  
  158  20:00  Orbital Command  
  158  20:01  Marine  
  158  20:04  Marine  
  158  20:06  Marine  
  158  20:07  Marine  
  157  20:15  Marine x3  
  157  20:16  Marine  
  161  20:28  Marine  
  162  20:33  Marine x3  
  169  20:36  Marine  
  170  20:42  Marine  
  170  20:45  Marine x2  
  170  20:48  Marine x3  
  178  20:51  Marine x2  
Tags
 
Add a new tag
Caveats
  • Supply blocks, unpowered buildings, or Contaminate may cause inaccurate times.
  • Supply counts are checked every 10 seconds.